Map: Orbital Shipyard

Players

PartinG - Winner!

  • Race: Protoss Protoss

MightyKiwi

  • Race: Zerg Zerg
  • League: Grandmaster

Event: NationWars III

VOD

Have the link to the VOD?

Description

Time

  • Played on: Dec. 12, 2015, 1:20 p.m.
  • Length: 10:00
Show
View Real Time Build Order
Export as new Build Order

PartinG Protoss - Winner!

Build Orders: Nexus First, Oracle Opening 

Get SALT Encoding   

  12  0:01  Probe (Chrono Boost)  
  13  0:11  Probe (Chrono Boost)  
  14  0:19  Pylon  
  14  0:22  Probe (Chrono Boost)  
  15  0:37  Probe (Chrono Boost)  
  16  0:48  Probe (Chrono Boost)  
  17  0:59  Nexus  
  17  1:11  Gateway  
  17  1:12  Probe (Chrono Boost)  
  17  1:16  Assimilator  
  18  1:21  Assimilator  
  18  1:24  Probe (Chrono Boost)  
  19  1:34  Probe (Chrono Boost)  
  20  1:45  Probe (Chrono Boost)  
  21  1:55  Probe (Chrono Boost)  
  21  2:00  Cybernetics Core  
  22  2:06  Probe (Chrono Boost)  
  23  2:11  Zealot  
  23  2:12  Pylon  
  23  2:13  Probe (Chrono Boost)  
  26  2:16  Probe (Chrono Boost)  
  27  2:23  Probe (Chrono Boost)  
  27  2:27  Probe (Chrono Boost)  
  29  2:34  Probe (Chrono Boost)  
  30  2:37  Probe (Chrono Boost), Stargate  
  30  2:40  Adept  
  30  2:41  Warp Gate  
  33  2:44  Probe (Chrono Boost)  
  33  2:50  Mothership Core (Chrono Boost)  
  36  2:55  Probe (Chrono Boost)  
  37  3:00  Pylon  
  38  3:05  Probe (Chrono Boost)  
  38  3:07  Adept  
  38  3:08  Probe (Chrono Boost)  
  41  3:16  Probe (Chrono Boost)  
  41  3:18  Probe (Chrono Boost)  
  43  3:23  Oracle (Chrono Boost)  
  43  3:25  Probe  
  47  3:29  Probe  
  48  3:36  Probe  
  49  3:41  Probe, Nexus  
  49  3:45  Pylon  
  49  3:46  Probe (Chrono Boost)  
  49  3:47  Pylon  
  51  3:53  Pylon  
  51  3:55  Pylon  
  51  4:00  Probe (Chrono Boost)  
  51  4:01  Probe (Chrono Boost)  
  53  4:06  Void Ray (Chrono Boost)  
  57  4:10  Probe  
  57  4:12  Probe  
  59  4:19  Forge  
  59  4:22  Assimilator  
  59  4:27  Probe, Assimilator  
  59  4:28  Probe  
  58  4:35  Twilight Council, Robotics Facility  
  58  4:38  Probe (Chrono Boost)  
  58  4:40  Probe (Chrono Boost)  
  58  4:42  Pylon  
  60  4:53  Probe x3 (Chrono Boost)  
  60  4:54  Protoss Ground Weapons Level 1 (Chrono Boost)  
  63  5:04  Probe x3 (Chrono Boost)  
  63  5:05  Resonating Glaives  
  63  5:06  Gateway  
  66  5:08  Gateway  
  66  5:10  Gateway  
  66  5:11  Sentry  
  68  5:15  Probe (Chrono Boost)  
  68  5:16  Probe (Chrono Boost)  
  68  5:17  Probe (Chrono Boost)  
  71  5:22  Observer  
  71  5:27  Probe x2  
  74  5:28  Probe  
  74  5:31  Photon Cannon  
  75  5:38  Assimilator  
  75  5:43  Probe x3  
  75  5:44  Assimilator  
  75  5:46  Gateway  
  75  5:47  Gateway  
  75  5:48  Gateway, Warp Prism  
  78  5:50  Gateway  
  78  5:56  Adept  
  82  5:58  Probe x2  
  82  5:59  Probe  
  82  6:02  Pylon  
  82  6:03  Photon Cannon  
  85  6:06  Pylon  
  85  6:09  Adept x2  
  89  6:18  Sentry x2  
  93  6:20  Probe x3  
  93  6:24  Robotics Bay  
  96  6:30  Adept x2, Blink  
  100  6:38  Observer  
  101  6:50  Pylon  
  101  6:55  Adept x8  
  113  7:18  Adept x8  
  129  7:23  Disruptor  
  129  7:29  Observer Gravitic Boosters  
  124  7:30  Nexus  
  124  7:33  Photon Cannon  
  124  7:34  Photon Cannon  
  124  7:36  Pylon  
  108  7:42  Adept x5  
  108  7:43  Adept x2  
  112  7:50  Adept  
  112  7:51  Protoss Ground Weapons Level 2 (Chrono Boost)  
  108  7:55  Pylon  
  108  7:57  Pylon  
  102  7:59  Disruptor  
  93  8:14  Adept  
  93  8:15  Adept x3  
  99  8:24  Stalker x4  
  107  8:30  Photon Cannon, Robotics Facility  
  107  8:31  Photon Cannon  
  107  8:34  Photon Cannon  
  103  8:35  Disruptor  
  103  8:39  Gravitic Drive  
  106  8:42  Stalker x2  
  106  8:43  Stalker, Sentry  
  106  8:45  Pylon  
  114  8:57  Pylon  
  114  9:01  Stalker x4  
  122  9:09  Disruptor (Chrono Boost)  
  125  9:23  Disruptor (Chrono Boost)  
  126  9:30  Adept x5  
  126  9:31  Adept x3  
Show
View Real Time Build Order
Export as new Build Order

MightyKiwi Zerg 

Build Orders: 3 Hatch before Pool, Lurkers 

Get SALT Encoding   

  12  0:01  Drone  
  13  0:12  Overlord  
  13  0:18  Drone  
  14  0:31  Drone x2  
  16  0:39  Drone  
  17  0:52  Hatchery  
  17  0:56  Drone  
  17  1:01  Drone  
  18  1:20  Hatchery  
  18  1:25  Drone  
  18  1:26  Extractor  
  17  1:37  Spawning Pool  
  16  1:43  Drone  
  16  1:46  Drone  
  18  1:51  Drone  
  19  1:56  Drone  
  20  2:04  Drone  
  20  2:07  Drone  
  22  2:15  Drone  
  22  2:17  Drone  
  24  2:31  Metabolic Boost, Queen  
  24  2:32  Zergling x2  
  24  2:35  Drone x2  
  29  2:43  Drone  
  29  2:44  Overlord  
  30  2:45  Queen  
  30  2:48  Drone  
  33  2:54  Drone  
  34  2:59  Overlord  
  34  3:02  Queen  
  34  3:04  Drone x3  
  39  3:10  Drone x2  
  41  3:17  Queen  
  42  3:20  Overlord  
  42  3:23  Queen  
  44  3:34  Drone x2, Extractor, Roach Warren  
  45  3:36  Zergling x4  
  46  3:46  Overlord  
  46  3:55  Drone x9  
  55  4:04  Extractor  
  55  4:06  Spore Crawler  
  55  4:07  Spore Crawler  
  55  4:08  Spore Crawler  
  51  4:14  Overlord  
  51  4:15  Drone  
  51  4:16  Drone x3  
  51  4:32  Lair  
  51  4:35  Drone x3  
  55  4:38  Drone x2  
  55  4:39  Drone x5  
  55  4:41  Overlord  
  61  4:52  Overlord  
  61  4:55  Drone x4  
  61  4:56  Extractor  
  61  4:59  Drone  
  65  5:00  Overlord  
  65  5:02  Drone x3  
  68  5:07  Overlord  
  68  5:08  Drone x2  
  68  5:13  Evolution Chamber  
  69  5:14  Evolution Chamber  
  69  5:18  Drone x2  
  69  5:19  Drone x3  
  72  5:36  Roach x4  
  72  5:37  Drone x3  
  72  5:40  Extractor  
  72  5:41  Zerg Missile Weapons Level 1, Zerg Ground Armor Level 1, Extractor  
  81  5:43  Overlord  
  81  5:44  Hydralisk Den  
  81  5:46  Glial Reconstitution  
  80  5:54  Overseer  
  80  5:56  Overlord  
  80  5:58  Roach  
  80  5:59  Roach x5  
  80  6:03  Overlord  
  92  6:15  Overlord  
  92  6:18  Lurker Den  
  92  6:19  Hydralisk  
  92  6:20  Hydralisk x3  
  92  6:21  Overlord x2  
  92  6:25  Drone x3  
  103  6:37  Zergling x16  
  111  6:43  Ravager x2  
  111  6:44  Ravager x2  
  115  6:57  Hydralisk x5  
  115  6:58  Hydralisk  
  127  7:01  Hatchery  
  119  7:10  Zergling x8  
  119  7:11  Zergling x12  
  116  7:25  Zergling x14  
  111  7:35  Hydralisk x3  
  110  7:40  Queen  
  109  7:45  Hydralisk x3  
  108  8:00  Hydralisk x4  
  112  8:14  Hydralisk x8  
  112  8:19  Hatchery  
  126  8:27  Nydus Network  
  125  8:35  Drone x3  
  129  8:41  Lurker x3  
  129  8:46  Hatchery  
  130  8:48  Queen x3  
  130  8:53  Hydralisk  
  138  8:55  Overlord  
  138  8:56  Overlord x3  
  138  9:05  Nydus Canal  
  135  9:24  Hydralisk x3, Queen x3  
  126  9:29  Hydralisk x3  
  129  9:43  Lurker x3  
Tags
 
Add a new tag
Caveats
  • Supply blocks, unpowered buildings, or Contaminate may cause inaccurate times.
  • Supply counts are checked every 10 seconds.